 Dungeon Crawl Stone Soup version 0.29.1-14-g9c671dbff4 (webtiles) character file.

Game seed: 15322404245120833292

38 hawla the Firebug (level 3, -2/26 HPs)
             Began as a Meteoran Fire Elementalist on Feb 12, 2023.
             Slain by an orc
             ... wielding a +0 flail
              (9 damage)
             ... on level 4 of the Dungeon.
             The game lasted 00:02:19 (328 turns).

hawla the Firebug (Meteoran Fire Elementalist)       Turns: 328, Time: 00:02:20

Health: -2/26      AC:  3    Str:  9    XL:     3   Next: 91%
Magic:  0/8        EV: 13    Int: 18    God:
Gold:   27         SH:  0    Dex: 15    Spells: 5/8 levels left

rFire   . . .      SeeInvis .   (no weapon)
rCold   . . .      Faith    .   (no shield)
rNeg    . . .      Spirit   .   a - +0 robe
rPois   .          Reflect  .   (no helmet)
rElec   .          Harm     .   (no cloak)
rCorr   +          Rampage  .   (no gloves)
Will    .....                   e - +0 pair of boots
Stlth   +.........              (no amulet)
HPRegen 0.08/turn               b - ring of resist corrosion
MPRegen 0.11/turn               (no ring)

@: glowing
A: sense surroundings 1, otherworldly, glowing, explore regen
a: no special abilities


You were on level 4 of the Dungeon.
You visited 1 branch of the dungeon, and saw 3 of its levels.

You collected 27 gold pieces.

Inventory:

Armour
 a - a +0 robe (worn)
 e - a +0 pair of boots (worn)
Jewellery
 b - a ring of resist corrosion (left hand)
Scrolls
 i - a scroll of amnesia {unknown}
 j - a scroll of identify {unknown}
Potions
 c - a potion of ambrosia {unknown}
 d - a potion of curing
 f - a potion of experience {unknown}
 g - a potion of attraction {unknown}
 h - a potion of lignification {unknown}


   Skills:
 + Level 2.8 Dodging
 - Level 1.4 Stealth
 + Level 3.3 Spellcasting
 + Level 1.4 Conjurations
 + Level 4.6 Fire Magic


You had 5 spell levels left.
You knew the following spells:

 Your Spells              Type           Power      Damage    Failure   Level
a - Foxfire               Conj/Fire      52%        2x1d6     4%          1
b - Scorch                Fire           38%        2d7       3%          2

Your spell library contained the following spells:

 Spells                   Type           Power      Damage    Failure   Level
 Conjure Flame            Conj/Fire      13%        6-21      14%         3
 Inner Flame              Hex/Fire       11%        N/A       19%         3
 Flame Wave               Conj/Fire      13%        2d6       41%         4


Dungeon Overview and Level Annotations

Branches:
Dungeon (4/15) Zot: 1472   Temple (0/1) D:4

Altars:


Innate Abilities, Weirdness & Mutations

You passively map a small area around you.
You are easily found by Zot.
You glow in the dark.
You regain HP and MP as you explore.


Message History

Unknown command.
Casting: Scorch (safe; 3% risk of failure)
Confirm with . or Enter, or press ? or * to list all spells.
You conjure some foxfire!
The orc barely misses you.
Casting: Foxfire (safe; 4% risk of failure)
Confirm with . or Enter, or press ? or * to list all spells.
You conjure some foxfire!
The foxfire hits the orc.
The orc is almost dead.
The foxfire hits the orc but does no damage.
The orc is almost dead.
The orc priest calls upon Beogh to heal the orc.
The orc is healed somewhat.
The orc hits you but does no damage. The orc closely misses you.
You closely miss the orc priest.
The orc priest is heavily wounded.
The foxfire hits the orc priest.
The orc priest is burned terribly!
The orc priest is severely wounded.
The foxfire hits the orc priest.
The orc priest is burned terribly!
The orc priest is almost dead.
The orc hits you with a +0 flail. The orc hits you with a +0 club.
The orc priest barely misses you.
It was a potion of curing.
You feel better.
The orc priest is no longer more vulnerable to fire.
The orc closely misses you. x2
The orc priest mumbles some strange prayers to Beogh against you.
Beogh smites you!
Ouch! That really hurt!
Your magical contamination has completely faded away.
Casting: Foxfire (safe; 4% risk of failure)
Confirm with . or Enter, or press ? or * to list all spells.
You conjure some foxfire!
The orc closely misses you. The orc priest hits you with a +0 club.
The orc hits you with a +0 club.
* * * LOW HITPOINT WARNING * * *
You hit the orc priest.
The orc priest is almost dead.
The foxfire hits the orc but does no damage.
The foxfire hits the orc priest.
You kill the orc priest!
The orc barely misses you. The orc hits you with a +0 flail!
You die...

* * ** #..... ,
#.# #.#### * #.. ,
#.#
#.#########.####
#.#.............
#.#.##.......###
#####.#.##.......#
#...§.#.##.......#
#.)@....##.......#
#.oo.########.##.#
, #...### , #.# .#
, #.⌠. ,* #.# .# ,
* #... ..# .# *
..... ,* ..#
.⌠..>. , ,* *
...... * , , * *


You could see 2 orcs.

Vanquished Creatures
  An orc priest (D:4)
  2 adders
  2 bats
  A goblin (D:4)
  A hobgoblin (D:4)
  7 jackals
  2 quokkas
  2 ball pythons
  A frilled lizard (D:2)
19 creatures vanquished.

Vanquished Creatures (others)
  43 foxfires
43 creatures vanquished.

Grand Total: 62 creatures vanquished

Notes
Turn   | Place    | Note
-------+----------+-------------------------------------------
     0 | D:1      | hawla the Meteoran Fire Elementalist began the quest for
                  | the Orb.
     0 | D:1      | Reached XP level 1. HP: 14/14 MP: 5/5
    67 | D:1      | Reached XP level 2. HP: 5/20 MP: 4/6
    70 | D:1      | Learned a level 2 spell: Scorch
    89 | D:1      | Reached skill level 4 in Fire Magic
   129 | D:2      | Reached XP level 3. HP: 26/26 MP: 6/8
   247 | D:2      | You fall into a shaft and drop 2 floors!
   318 | D:4      | Found a staircase to the Ecumenical Temple.
   328 | D:4      | Slain by an orc

Illustrated notes

Levels and vault maps discovered:
D:1:      shiori_angband_town, layout_loops_ring, nrook_loot_triangle,
          hangedman_decor_push
D:2:      layout_basic, shapermc_ecumenical_altar_notcrosses
D:4:      layout_basic, minmay_temple_entry_junction

Skill      XL: |  1  2 |
---------------+-------+-----
Fire Magic     | 4 |  4.6
Spellcasting   | 3 |  3.3
Dodging        | |  2.8
Stealth        | |  1.4
Conjurations   | |  1.4

Action                   || total
-------------------------++-------
Melee: Unarmed           ||    12
 Cast: Foxfire           ||    26
       Scorch            ||     7
  Use: Potion            ||     2
       Scroll            ||     1
Armor: Robe              ||     9
Dodge: Dodged            ||    34
